 Dungeon Crawl Stone Soup version 0.17.1-3-g152610e (webtiles) character file.

55 Glider the Stinger (level 3, -2/24 HPs)
             Began as an Octopode Venom Mage on Mar 25, 2016.
             Slain by a gnoll
             ... wielding a +0 spear
              (9 damage)
             ... on level 2 of the Dungeon.
             The game lasted 00:07:32 (1663 turns).

Glider the Stinger (Octopode Venom Mage)            Turns: 1663, Time: 00:07:32

Health: -2/24      AC:  1    Str:  7    XL:     3   Next: 93%
Magic:  0/6        EV:  7    Int: 18    God:
Gold:   66         SH:  0    Dex: 12    Spells: 3 memorised, 0 levels left

rFire  . . .     SeeInvis +     q - +2 dagger (speed)
rCold  . . .     Clarity  .     (no shield)
rNeg   . . .     SustAt   .     (helmet restricted)
rPois  .         Gourm    +     l - amulet of the gourmand
rElec  .         Spirit   .     p - ring of see invisible
rCorr  .         Warding  .     (no ring)
rMut   .         Stasis   .     (no ring)
MR     .....                    (no ring)
Stlth  ++++......               (no ring)
                                (no ring)
                                (no ring)
                                (no ring)

@: not resistant to hostile enchantments, stealthy
A: almost no armour, amphibious, 8 rings, constrict 8, camouflage 1, gelatinous
body 1
a: no special abilities


You were on level 2 of the Dungeon.
You were not hungry.

You visited 1 branch of the dungeon, and saw 2 of its levels.

You collected 66 gold pieces.

Inventory:

Hand Weapons
 d - a +0 hunting sling
 q - a +2 dagger of speed (weapon)
Missiles
 f - 22 bolts
 j - 112 stones (quivered)
Jewellery
 l - an amulet of the gourmand (around mantle)
 p - a ring of see invisible (left tentacle)
Wands
 o - a wand of random effects (32)
Scrolls
 c - a scroll of teleportation {unknown}
 e - 2 scrolls of identify {unknown}
 h - a scroll of magic mapping {unknown}
Potions
 k - a potion of curing {unknown}
 m - 2 potions of agility {unknown}
Books
 a - a Young Poisoner's Handbook

   Spells                             Type                      Level
   a - Sting                          Conjuration/Poison           1
   b - Cure Poison                    Poison                       2
   c - Mephitic Cloud                 Conjuration/Poison/Air       3
   d - Olgreb's Toxic Radiance        Poison                       4
   e - Venom Bolt                     Conjuration/Poison           5
Comestibles
 b - 4 bread rations
 g - 2 fruits


   Skills:
 + Level 1.7 Fighting
 - Level 2.0 Dodging
 - Level 4.0 Stealth
 - Level 2.0 Spellcasting
 * Level 0.8 Conjurations
 * Level 1.1 Air Magic
 - Level 5.0 Poison Magic


You couldn't memorise any spells.
You knew the following spells:

 Your Spells              Type           Power        Failure   Level  Hunger
a - Sting                 Conj/Pois      ##..         8%          1    #......
b - Cure Poison           Pois           ###.......   3%          2    ###....
c - Mephitic Cloud        Conj/Pois/Air  ##......     24%         3    ###....


Dungeon Overview and Level Annotations

Branches:
Dungeon (2/15)

Altars:


Innate Abilities, Weirdness & Mutations

You cannot wear most types of armour.
You are amphibious.
You can wear up to eight rings at the same time.
You can use your tentacles to constrict eight enemies at once.
Your skin changes colour to match your surroundings (Stealth).
Your rubbery body absorbs attacks (AC +1).


Message History

Aiming: Sting
Press: ? - help, Shift-Dir - straight line, f/p - gnoll
Aim: a gnoll, wielding a spear and wearing a leather armour (severely wounded, poisoned)
The sting misses the gnoll.
The gnoll looks more healthy.
The gnoll closely misses you.
Wield which item (- for none, * to show all)? (? for menu, Esc to quit)
Your tentacles tingle!
q - a +2 dagger of speed (weapon)
There is a stone staircase leading up here.
Casting: Sting
Confirm with . or Enter, or press ? or * to list all spells.
Aiming: Sting
Press: ? - help, Shift-Dir - straight line, f/p - gnoll
Aim: a gnoll, wielding a spear and wearing a leather armour (severely wounded)
The sting hits the gnoll.
The gnoll is almost dead.
The gnoll hits you from afar with a spear!
* * * LOW HITPOINT WARNING * * *
The gnoll hits you from afar with a spear!
You die...

. ...#.......[..#####.# .
#...#........### #.# .#
#............#.## #.#
..##...#...........####.#
...#...#..[........##...#######
.......#...........#..####....#
#....##...........#.## #....#
#(..##..........##.# ###....#
#...##......g.@###.###......#
##..##.........# #.##..#....#
#...##..#..##.# #.#..###.###
#...##.###..#.# #.#.##...#
##......# ##.#.# #.#.##.###
#..##..## #.#.###.#.##.#
#.###...# #.#.#.....##.# .
#.###.#.# #.#)..##.###.# .
#.##..#.# #.#.####.# #.#


You could see a gnoll.

Vanquished Creatures
  2 gnolls (D:2)
  An adder (D:1)
  An ooze (D:1)
  4 bats
  2 giant cockroaches
  A goblin (D:1)
  2 hobgoblins
  2 kobolds
  2 giant newts (D:1)
  8 rats
25 creatures vanquished.

Notes
Turn   | Place    | Note
--------------------------------------------------------------
     0 | D:1      | Glider the Octopode Venom Mage began the quest for the Orb.
     0 | D:1      | Reached XP level 1. HP: 11/11 MP: 3/3
   159 | D:1      | Reached skill level 5 in Poison Magic
   376 | D:1      | Reached XP level 2. HP: 18/18 MP: 0/5
   541 | D:1      | Reached skill level 1 in Fighting
   838 | D:2      | Learned a level 2 spell: Cure Poison
  1010 | D:2      | Reached XP level 3. HP: 21/23 MP: 2/6
  1050 | D:1      | Learned a level 3 spell: Mephitic Cloud
  1316 | D:2      | Reached skill level 1 in Air Magic
  1663 | D:2      | Slain by a gnoll

Action                   || total
-------------------------++-------
Melee: Unarmed           ||    12
       Whip              ||    11
       Spear             ||    18
 Fire: Hunting sling     ||    24
 Cast: Sting             ||    13
       Mephitic Cloud    ||     5
 Stab: Sleeping          ||     7
  Eat: Chunk             ||     6
